 Dungeon Crawl Stone Soup version 0.30-a0-718-geaa24f5 (webtiles) character file.

Game seed: 4334650087450539289

2100 Geeful the Trooper (level 9, -6/64 HPs)
             Began as an Octopode Brigand on Jan 25, 2023.
             Mangled by a gargoyle
             ... wielding a +0 mace
              (18 damage)
             ... on level 7 of the Dungeon.
             The game lasted 00:26:12 (5459 turns).

Geeful the Trooper (Octopode Brigand)               Turns: 5459, Time: 00:26:14

Health: -6/64      AC:  1    Str: 10    XL:     9   Next: 28%
Magic:  9/9        EV: 17    Int: 13    God:
Gold:   384        SH:  6    Dex: 18    Spells: 8/8 levels left

rFire   . . .      SeeInvis .    a - +2 dagger
rCold   . . .      Faith    .    B - +0 buckler
rNeg    . . .      Spirit   .    (helmet restricted)
rPois   .          Reflect  .    (no amulet)
rElec   .          Harm     .    (no ring)
rCorr   .          Rampage  .    z - ring of flight
Will    .....                    (no ring)
Stlth   ++++                     (no ring)
HPRegen 0.30/turn                (no ring)
MPRegen 0.11/turn                (no ring)
                                 (no ring)
                                 (no ring)

@: mighty, flying
A: almost no armour, amphibious, 8 rings, camouflage 1, gelatinous body 1,
(nimble swimmer 1), tentacles
a: no special abilities


You were on level 7 of the Dungeon.
You visited 1 branch of the dungeon, and saw 7 of its levels.

You collected 384 gold pieces.

Inventory:

Hand Weapons
 a - a +2 dagger (weapon)
Missiles
 b - 27 poisoned darts (quivered)
 c - 3 curare-tipped darts
 w - 2 silver boomerangs
 y - 3 atropa-tipped darts
Armour
 B - a +0 buckler (worn)
Magical Staves
 k - a staff of conjuration
 u - a staff of poison
Jewellery
 j - a ring of ice
 z - a ring of flight (right tentacle)
Wands
 s - a wand of digging (7)
 x - a wand of flame (14)
 A - a wand of quicksilver (8)
Scrolls
 e - 6 scrolls of teleportation
 h - 3 scrolls of fog
 i - a scroll of noise {unknown}
 l - 2 scrolls of enchant weapon {unknown}
 m - 2 scrolls of brand weapon {unknown}
 n - a scroll of poison {unknown}
 o - 2 scrolls of enchant armour {unknown}
 p - a scroll of immolation {unknown}
 q - 3 scrolls of blinking
 r - a scroll of magic mapping {unknown}
 v - a scroll of amnesia {unknown}
Potions
 d - a potion of brilliance {unknown}
 g - 4 potions of curing
 t - a potion of attraction {unknown}


   Skills:
 + Level 7.6 Fighting
 - Level 2.0 Short Blades
 - Level 2.0 Throwing
 + Level 7.4 Dodging
 - Level 5.3 Stealth
 + Level 5.7 Shields


You had 8 spell levels left.
You didn't know any spells.
Your spell library contained the following spells:

 Spells                   Type           Power      Damage    Failure   Level
 Foxfire                  Conj/Fire      0%         2x1d4     36%         1
 Summon Lightning Spire   Summ/Air       0%         N/A       98%         4
 Fireball                 Conj/Fire      0%         3d3       100%        5
 Starburst                Conj/Fire      0%         6d3       100%        6
 Storm Form               Tmut/Air       0%         N/A       100%        7
 Maxwell's Capacitive Co  Air            0%         ∞         100%        8


Dungeon Overview and Level Annotations

Branches:
Dungeon (7/15)
 Temple: D:4-7

Altars:
Cheibriados

Shops:
D:6 *

Annotations:
D:6 2 runed translucent doors, Blinkfrogs's ghost, amateur TrHW


Innate Abilities, Weirdness & Mutations

You cannot wear most types of armour.
You are amphibious.
You can wear up to eight rings at the same time.
Your skin changes colour to match your surroundings (Stealth+).
Your rubbery body absorbs attacks. (AC +1, EV +1)
((You are camouflaged when in or above water. (Stealth+)))
You have tentacles for arms and can constrict up to eight enemies at once.


Message History

You hit the wight. You squeeze the wight.
The wight is severely damaged.
You constrict the wight. The wight hits you with a +0 spear!
You hit the wight but do no damage. You squeeze the wight.
You destroy the wight!
The gargoyle hurls a stone arrow at you.
You block the stone arrow.
You feel very mighty all of a sudden.
The gargoyle hurls a stone arrow at you.
The stone arrow misses you. You block the gargoyle's attack.
Things that are here:
a +0 spear; a +0 robe You hit the gargoyle.
You grab the gargoyle.
You squeeze the gargoyle, but do no damage.
The gargoyle is moderately damaged.
You constrict the gargoyle, but do no damage.
The gargoyle hurls a stone arrow at you.
The stone arrow hits you!!
You barely miss the gargoyle. You squeeze the gargoyle!
The gargoyle is heavily damaged.
You constrict the gargoyle.
The gargoyle hurls a stone arrow at you.
The stone arrow hits you!!
* * * LOW HITPOINT WARNING * * *
You hit the gargoyle but do no damage.
The gargoyle is severely damaged.
You constrict the gargoyle, but do no damage.
The gargoyle hits you with a +0 mace.
* * * LOW HITPOINT WARNING * * *
You puncture the gargoyle!
The gargoyle is almost destroyed.
You constrict the gargoyle, but do no damage.
The gargoyle hurls a stone arrow at you.
The stone arrow misses you.
You hit the gargoyle but do no damage.
The gargoyle is almost destroyed.
You constrict the gargoyle, but do no damage.
The gargoyle hits you with a +0 mace!!
You die...

#....# #....#### #....###
#........z. ###....#
##....###### ##..##
#.....# #.# ##.###
#..##.# #.# ### #....#
#.....# #.#
....#....###.##..####.#
#.#.....##.......#..####
#.#......@9...###......##
#.##########..##..####..#
#.......#.##..##[## ##.##
###### .......##. #..#
######## .##.#####. ##.#
#......# ##....# ## #.#
#......####.##..# #.#
#......##...##..# #.#
###......<#.#.##..# #.#
#.#


You could see a gargoyle.

Vanquished Creatures
  Grinder (D:5)
  A vampire mosquito (D:6)
  3 ice beasts
  2 black bears
  A centaur (D:6)
  2 kobold brigands
  2 bullfrogs
  6 scorpions
  A wight (D:7)
  5 hounds
  2 jellies
  A gnoll bouda (D:7)
  3 iguanas
  2 orc wizards
  6 gnolls
  4 adders
  2 shadow imps (D:5)
  An ufetubus (D:7)
  A worm (D:2)
  A dart slug (D:1)
  11 orcs
  4 endoplasms
  8 giant cockroaches
  3 goblins
  8 hobgoblins
  3 jackals (D:5)
  2 quokkas (D:1)
  3 ball pythons
  7 frilled lizards
  16 kobolds
  2 rats
114 creatures vanquished.

Notes
Turn   | Place    | Note
-------+----------+-------------------------------------------
     0 | D:1      | Geeful the Octopode Brigand began the quest for the Orb.
     0 | D:1      | Reached XP level 1. HP: 14/14 MP: 1/1
   373 | D:1      | Reached XP level 2. HP: 16/20 MP: 2/2
   530 | D:1      | Found a faded altar of an unknown god.
   970 | D:2      | Reached XP level 3. HP: 25/25 MP: 3/3
  1793 | D:4      | Reached XP level 4. HP: 31/31 MP: 4/4
  2009 | D:4      | Found a snail-covered altar of Cheibriados.
  2429 | D:5      | Entered Level 5 of the Dungeon
  2433 | D:5      | Reached XP level 5. HP: 37/37 MP: 5/5
  2452 | D:5      | Noticed an ice beast
  2479 | D:5      | Killed an ice beast
  2480 | D:5      | Reached XP level 6. HP: 30/44 MP: 6/6
  2813 | D:5      | Reached skill level 5 in Fighting
  2919 | D:5      | Noticed Grinder
  2931 | D:5      | Killed Grinder
  2932 | D:5      | Reached skill level 5 in Dodging
  2932 | D:5      | Reached XP level 7. HP: 41/50 MP: 7/7
  3514 | D:6      | Found Oggeff's Overcharged Wands.
  4057 | D:6      | Reached skill level 1 in Shields
  4057 | D:6      | Reached XP level 8. HP: 39/58 MP: 8/8
  4130 | D:6      | Found a runed translucent door.
  4131 | D:6      | Found a runed translucent door.
  4476 | D:6      | Found a runed translucent door.
  4479 | D:6      | Noticed Blinkfrogs's ghost (amateur TrHW)
  5068 | D:7      | Reached skill level 5 in Shields
  5068 | D:7      | Reached XP level 9. HP: 43/64 MP: 9/9
  5403 | D:7      | Noticed a gargoyle
  5459 | D:7      | Mangled by a gargoyle

Illustrated notes

Levels and vault maps discovered:
D:1:      sevenhm_arrival_forest_fort_small_3, layout_rooms,
          shapermc_ecumenical_altar_ellora, chequers_serial_rivers_small_a,
          minmay_misc_feat_hallway, nicolae_concentric_dashed_squares_wild
D:2:      layout_basic
D:3:      layout_rooms, minmay_strange_pillars
D:4:      layout_loops_ring, nicolae_overflow_hidden_temple
D:5:      layout_loops_ring, minmay_misc_feat_tower,
          chequers_serial_rivers_large_a, minmay_misc_feat_alley,
          glass_columns_a, uniq_grinder
D:6:      lemuel_insect_pit, layout_loops_ring, ebering_ghost_sewer_d,
          nicolae_shop_overcharged_wands
D:7:      layout_basic, minmay_temple_entry_tees, serial_co_window_serial,
          co_window_corner_a, co_window_cross_1, co_window_corner_a,
          co_window_corner_a, co_window_of_opportunity_a,
          co_window_of_opportunity_a, co_window_broadway_c,
          co_window_broadway_b, co_window_paths_c, co_window_broadway_b,
          co_window_broadway_a, co_window_4corner_b, glass_columns_a,
          glass_columns_a, glass_columns_a, glass_columns_a

Skill      XL: |  1  2  3  4  5  6  7  8  9 |
---------------+----------------------------+-----
Dodging        | 2 3 4 5 6 7 |  7.4
Fighting       | 3 4 5 6 7 |  7.6
Shields        | 1 5 |  5.7
Short Blades   | |  2.0
Throwing       | |  2.0
Stealth        | |  5.3

Action                     |  1- 3 |  4- 6 |  7- 9 || total
---------------------------+-------+-------+-------++-------
  Melee: Dagger            |    73 |    81 |   136 ||   290
         Constrict         |    13 |    14 |    33 ||    60
         Tentacles         |     6 |    20 |    41 ||    67
         Punch             |       |     2 |     2 ||     4
  Throw: Dart              |       |       |    42 ||    42
    Use: Scroll            |     4 |       |     2 ||     6
         Potion            |       |     1 |     5 ||     6
   Stab: Sleeping          |    14 |     7 |     9 ||    30
 Armour: Skin              |     1 |       |     6 ||     7
  Dodge: Dodged            |    22 |    52 |    72 ||   146
  Block: Buckler           |       |       |    10 ||    10

Table legend: (Time is in decaauts)
 A = Elapsed time spent in this place.
 B = Non-inter-level travel time spent in this place.
 C = Inter-level travel time spent in this place.
 D = Time resting spent in this place.
 E = Time spent auto-exploring this place.
 F = Levels seen in this place.
 G = Mean time per level.
                   A        B        C        D        E       F      G
               +--------+--------+--------+--------+--------+-----+--------+
         Total |   5425 |   5209 |    216 |    575 |   3494 |   7 |  775.0 |
       Dungeon |   5425 |   5209 |    216 |    575 |   3494 |   7 |  775.0 |
               +--------+--------+--------+--------+--------+-----+--------+

Top non-repeatable levels by time:
     D:6: 1435 daAuts
     D:5: 1065 daAuts
     D:4: 695 daAuts
     D:2: 668 daAuts
     D:1: 587 daAuts
     D:7: 505 daAuts
     D:3: 469 daAuts
